 Dungeon Crawl Stone Soup version 0.17-a0-18-gc25b939 (webtiles) character file.

603 Chiseanne the Ducker (level 7, -10/49 HPs)
             Began as a Halfling Monk on Mar 10, 2015.
             Was an Initiate of Gozag.
             Killed by divine providence
             ... invoked by an orc priest
              (16 damage)
             ... on level 4 of the Dungeon.
             The game lasted 00:15:28 (5171 turns).

Chiseanne the Ducker (Halfling Monk)                Turns: 5171, Time: 00:15:28

Health: -10/49     AC:  9    Str: 12    XL:     7   Next: 70%
Magic:  7/7        EV: 16    Int: 10    God:    Gozag
Gold:   180        SH:  0    Dex: 17    Spells: 0 memorised, 6 levels left

rFire  + . .     SeeInvis .     a - +2 hand axe (chop)
rCold  . . .     Clarity  .     w - +3 leather armour {rF+}
rNeg   . . .     SustAb   .     (no shield)
rPois  .         Gourm    .     (no helmet)
rElec  .         Spirit   .     y - +0 cloak
rCorr  .         Warding  .     i - +0 pair of gloves
rMut   .         Stasis   .     v - +0 pair of boots
MR     .....                    (no amulet)
Stlth  ++........               (no ring)
                                h - ring of wizardry

@: heavily drained, not resistant to hostile enchantments, unstealthy
A: mutation resistance 1
a: Potion Petition, Call Merchant, Bribe Branch, Renounce Religion


You were on level 4 of the Dungeon.
You worshipped Gozag.
Gozag was noncommittal.
You were not hungry.

You visited 1 branch of the dungeon, and saw 4 of its levels.

You collected 180 gold pieces.

Inventory:

Hand weapons
 a - a +2 hand axe of chopping (weapon)
Missiles
 c - 13 poisoned needles
 j - 57 arrows
 n - 41 bolts
 q - 34 sling bullets
 A - 7 tomahawks (quivered)
Armour
 i - a +0 pair of gloves (worn)
 v - a +0 pair of boots (worn)
 w - a +3 leather armour of fire resistance (worn)
 y - a +0 cloak (worn)
Magical staves
 x - a cursed staff of wizardry
Jewellery
 h - a ring of wizardry (left hand)
 t - an uncursed ring of ice
Scrolls
 d - 2 scrolls of magic mapping
 f - a scroll of enchant armour
 g - a scroll of teleportation {unknown}
 k - a scroll of remove curse
 l - 5 scrolls of identify
 m - a scroll of random uselessness {unknown}
 p - a scroll of recharging {unknown}
 r - a scroll of blinking {unknown}
 D - a scroll of fear {unknown}
Potions
 C - a potion of curing
Comestibles
 b - 8 bread rations
 o - a meat ration


   Skills:
 * Level 4.7(3.4) Fighting
 * Level 4.7(3.4) Armour
 - Level 5.2(3.9) Dodging
 * Level 3.8(2.6) Stealth
 - Level 3.2(2.0) Unarmed Combat


You had 6 spell levels left.
You didn't know any spells.

Dungeon Overview and Level Annotations

Branches:
Dungeon (4/15)
 Temple: D:4-7

Altars:
Cheibriados
Dithmenos
Gozag
Ru
Xom


Innate Abilities, Weirdness & Mutations

You are small and have problems with some larger weapons.
You are somewhat resistant to further mutation.


Message History

The orc priest is moderately wounded.
The orc priest misses you.
You closely miss the orc priest.
The orc priest is moderately wounded.
The orc priest calls down the wrath of Beogh upon you.
You struggle to resist.
You barely miss the orc priest.
The orc priest is moderately wounded.
The orc priest calls down the wrath of Beogh upon you.
Pain shoots through your body!
* * * LOW HITPOINT WARNING * * *
The orc priest hits you with a flail of draining.
* * * LOW HITPOINT WARNING * * *
You feel drained.
You barely miss the orc priest.
The orc priest is moderately wounded.
The orc priest invokes the aid of Beogh against you.
Something smites you!
You die...
Your body crumbles into a pile of gold.

#.# #.#.# #[##.# ##.##
#.# #.#.# #)##.####.###
#####.##### #.#.#
#.##...).....
#.........# #.#.#
#.#####.....#
##.###.###.# #.#.# #.#
#...... #...##.# #.#
#.#.# #.# #.)...#
.....#.###.###.#$# #.#
##...##
..............<..####.#
##.##
.....#####.####.@.....#
#.# #...## #.#
#o#####.# #.# ##.## #.#
##.# #.#######.# ##.#
#.# #..# #.........#
...# #.# #..#
#.######### #### #.#
#..#####.# #.#
#........# #.#
#.###.#### ######
#.###.# #.#


You could see an orc priest.

Vanquished Creatures
  2 ogres (D:4)
  The ghost of flinch the Poker, a weakling MfGl of Zin (D:4)
  2 orc priests
  A hound (D:4)
  An orc wizard (D:3)
  A worker ant (D:4)
  Ijyb (D:2)
  Jessica (D:2)
  A mummy (D:4)
  6 adders
  3 gnolls (D:4)
  6 giant geckos
  An ooze (D:1)
  16 orcs
  11 bats
  A bat skeleton (D:4)
  3 giant cockroaches
  9 goblins
  11 hobgoblins
  4 jackals
  A quokka (D:2)
  9 giant newts
  2 hobgoblin zombies (D:4)
  A jackal skeleton (D:4)
  6 kobolds
  2 orc zombies (D:4)
  13 rats
116 creatures vanquished.

Notes
Turn   | Place    | Note
--------------------------------------------------------------
     0 | D:1      | Chiseanne, the Halfling Monk, began the quest for the Orb.
     0 | D:1      | Reached XP level 1. HP: 15/15 MP: 1/1
   328 | D:1      | Reached XP level 2. HP: 18/20 MP: 2/2
   656 | D:1      | Reached XP level 3. HP: 20/25 MP: 3/3
   740 | D:1      | Reached skill level 4 in Dodging
  1482 | D:2      | Reached XP level 4. HP: 26/31 MP: 4/4
  1745 | D:2      | Noticed Ijyb
  1768 | D:2      | Killed Ijyb
  1849 | D:2      | Reached skill level 5 in Dodging
  1849 | D:2      | Reached XP level 5. HP: 27/36 MP: 5/5
  2075 | D:2      | Noticed Jessica
  2101 | D:2      | Killed Jessica
  2528 | D:2      | Found a sacrificial altar of Ru.
  2637 | D:2      | Reached skill level 1 in Armour
  3453 | D:3      | Reached XP level 6. HP: 37/43 MP: 6/6
  4105 | D:4      | Reached XP level 7. HP: 31/48 MP: 7/7
  4738 | D:4      | Found a shimmering altar of Xom.
  4741 | D:4      | Found an opulent altar of Gozag.
  4745 | D:4      | Became a worshipper of Gozag Ym Sagoz the Greedy
  4751 | D:4      | Found a shadowy altar of Dithmenos.
  4769 | D:4      | Found a snail-covered altar of Cheibriados.
  4895 | D:4      | Noticed flinch's ghost (weakling MfGl)
  4909 | D:4      | Killed flinch's ghost
  5171 | D:4      | Killed from afar by an orc priest

Action                   |  1- 3 |  4- 6 |  7- 9 || total
-------------------------+-------+-------+-------++-------
Melee: Unarmed           |   152 |   337 |       ||   489
       Quarterstaff      |       |    21 |    43 ||    64
       Hand axe          |       |       |    40 ||    40
  Use: Scroll            |     2 |     2 |     8 ||    12
       Potion            |       |     2 |     1 ||     3
 Stab: Sleeping          |     2 |     2 |       ||     4
  Eat: Chunk             |     2 |     8 |     3 ||    13
       Fruit             |       |       |     3 ||     3
       Pizza             |       |       |     1 ||     1
